 Dungeon Crawl Stone Soup version 0.30-a0-591-g3c58d2bc28 (webtiles) character file.

Game seed: 7000499255279038028

500 sokol815 the Chopper (level 7, 0/36 HPs)
             Began as a Vine Stalker Delver on Jan 5, 2023.
             Succumbed to a scorpion's poison
             ... on level 5 of the Dungeon.
             The game lasted 00:07:25 (3379 turns).

sokol815 the Chopper (Vine Stalker Delver)          Turns: 3379, Time: 00:07:25

Health: 0/36       AC: 11    Str: 14    XL:     7   Next: 16%
Magic:  1/8        EV:  6    Int: 10    God:
Gold:   258        SH:  0    Dex: 18    Spells: 6/6 levels left

rFire   . . .      SeeInvis .    a - +1 hand axe
rCold   . . .      Faith    .    (no shield)
rNeg    . . .      Spirit   +    n - +0 chain mail
rPois   +          Reflect  .    l - +0 helmet
rElec   .          Harm     .    m - +0 cloak
rCorr   .          Rampage  .    j - +0 pair of gloves
Will    .....                    (no boots) Stlth
                                 (no amulet)
HPRegen 1.06/turn                o - ring of poison resistance {rPois, !d}
MPRegen 0.11/turn                (no ring)

@: lethally poisoned (0 -> -1)
A: fangs 2, regeneration 1, magic shield, antimagic bite, no potion heal 2
a: no special abilities


You were on level 5 of the Dungeon.
You visited 2 branches of the dungeon, and saw 6 of its levels.

You collected 258 gold pieces.

Inventory:

Hand Weapons
 a - a +1 hand axe (weapon)
Missiles
 b - 6 javelins
 s - 12 stones
Armour
 j - a +0 pair of gloves (worn)
   (You found it on level 1 of the Dungeon)
 l - a +0 helmet (worn)
   (You found it on level 1 of the Dungeon)
 m - a +0 cloak (worn)
   (You found it on level 1 of the Dungeon)
 n - a +0 chain mail (worn)
   (You found it on level 1 of the Dungeon)
Jewellery
 o - a ring of poison resistance (left hand) {rPois, !d}
   (You found it on level 3 of the Dungeon)
Wands
 d - a wand of digging (9)
 p - a wand of paralysis (11)
   (You found it on level 2 of the Dungeon)
Scrolls
 c - 2 scrolls of fog
 e - a scroll of enchant armour
 E - 3 scrolls of fear
 X - a scroll of magic mapping {@r4!r}
Potions
 f - a potion of ambrosia {unknown}
 g - 2 potions of might {unknown}
 h - a potion of resistance {unknown}
 k - 3 potions of invisibility {unknown}
 q - 2 potions of curing {unknown}
 N - a potion of heal wounds {@q2}
 P - a potion of lignification {!q}
 U - a potion of mutation {!q}


   Skills:
 - Level 3.0 Fighting
 + Level 6.5 Axes
 - Level 2.0 Dodging
 - Level 6.3 Stealth


You had 6 spell levels left.
You didn't know any spells.
Your spell library contained the following spells:

 Spells                   Type           Power      Damage    Failure   Level
 Gell's Gravitas          Tloc           0%         N/A       100%        3
 Lesser Beckoning         Tloc           0%         N/A       100%        3
 Portal Projectile        Hex/Tloc       0%         N/A       100%        3
 Teleport Other           Tloc           0%         N/A       100%        3
 Tukima's Dance           Hex            0%         N/A       100%        3
 Blade Hands              Tmut           0%         N/A       100%        5


Dungeon Overview and Level Annotations

Branches:
Dungeon (5/15) Zot: 24177  Temple (1/1) D:4 Zot: 5959

Altars:
Cheibriados
Dithmenos
Fedhas
Kikubaaqudgha
Okawaru
Uskayaw
Vehumet
Wu Jian
The Shining One

Shops:
D:1 :   D:4 *   D:5 :


Innate Abilities, Weirdness & Mutations

You have extremely sharp teeth.
Your natural rate of healing is unusually fast.
When hurt, damage is shared between your health and your magic reserves.
Your bite disrupts and absorbs the magic of your enemies.
Potions cannot restore your health.


Message History

You slash the quokka!
You kill the quokka!
No target in view!
No target in view!
You open the door.
There is an open door here.
You now have 246 gold pieces (gained 18).
You now have 258 gold pieces (gained 12).
You open the door.
There is an open door here.
There is an open door here.
Found Cuiz's Book Shoppe.
There is a fountain of clear blue water here.
There is an entrance to Cuiz's Book Shoppe here.
There is a fountain of clear blue water here.
A scorpion comes into view.
There is a fountain of clear blue water here.
There is an entrance to Cuiz's Book Shoppe here.
A scorpion comes into view.
A water moccasin comes into view.
You slash the scorpion! You bite the scorpion. You drain its power.
The scorpion stings you but does no damage. x2
You closely miss the scorpion. You bite the scorpion. You drain its power.
You hit the scorpion but do no damage.
The scorpion stings you but does no damage.
The scorpion stings you.
You take 3 damage, and have 27/30 hp.
You now have 6/7 mp.
You hit the scorpion. Your bite misses the scorpion. You hit the scorpion.
The scorpion stings you.
The scorpion stings you but does no damage.
You take 4 damage, and have 23/30 hp.
You now have 5/7 mp.
You hit the scorpion but do no damage.
You bite the scorpion, but do no damage.
You miss the water moccasin. You hit the scorpion but do no damage.
The scorpion stings you.
The scorpion stings you but does no damage.
The water moccasin bites you.
You take 6 damage, and have 17/30 hp.
You now have 4/7 mp.
You closely miss the scorpion.
You bite the scorpion, but do no damage.
You hit the water moccasin but do no damage.
You hit the scorpion.
The scorpion stings you but does no damage.
The scorpion completely misses you. The water moccasin bites you.
You take 2 damage, and have 15/30 hp.
You now have 3/7 mp.
You closely miss the scorpion. You bite the scorpion. You drain its power.
You feel invigorated.
You hit the scorpion but do no damage.
You hit the water moccasin but do no damage.
The water moccasin bites you but does no damage.
The scorpion stings you but does no damage. x2
The water moccasin bites you.
The scorpion stings you but does no damage.
The scorpion stings you.
You take 5 damage, and have 10/30 hp.
You now have 2/7 mp.
You slash the scorpion!
You kill the scorpion!
You hit the scorpion. You barely miss the water moccasin.
The water moccasin bites you but does no damage.
The scorpion barely misses you.
Your life force feels restored.
Your Axes skill increases to level 6!
You have reached level 7!
You regained 2 hp, and now have 12/36 hp.
You hit the scorpion. You hit the water moccasin. The water moccasin bites you.
* * * LOW HITPOINT WARNING * * *
The scorpion stings you but does no damage.
The water moccasin bites you but does no damage.
You take 3 damage, and have 9/36 hp.
You now have 1/8 mp.
You hit the scorpion. Your bite misses the scorpion.
You hit the water moccasin. The scorpion stings you.
* * * LOW HITPOINT WARNING * * *
The water moccasin bites you.
* * * LOW HITPOINT WARNING * * *
You take 7 damage, and have 2/36 hp.
You now have 0/8 mp.
Aim: a water moccasin (moderately wounded, chance to affect: 49%)
The water moccasin suddenly stops moving!
The scorpion stings you but does no damage.
You hit the scorpion but do no damage.
The helpless water moccasin fails to defend itself.
You hit the water moccasin. The scorpion barely misses you.
The scorpion stings you but does no damage.
You closely miss the scorpion. You bite the scorpion. You drain its power.
You feel invigorated.
The helpless water moccasin fails to defend itself.
You hit the water moccasin. You hit the adder but do no damage.
The adder closely misses you. The scorpion stings you.
* * * LOW HITPOINT WARNING * * *
You are poisoned.
The scorpion poisons you!
You hit the scorpion.
You kill the scorpion!
The helpless water moccasin fails to defend itself.
You hit the water moccasin. You barely miss the adder.
You feel sick. The adder bites you.
* * * LOW HITPOINT WARNING * * *
You take 3 damage, and have 1/36 hp.
You now have 1/8 mp.
You slash the adder!
The helpless water moccasin fails to defend itself.
You slash the water moccasin!
You die...

+....#..#.#...# #...
#...##..#.##### #P...
+.......#.#...##~~...
#...###...#.#.#♣♣~~..
###...####..#.#.#♣P~...
#........#..#.#.♣♣~~~..
+.............#.♣
##........#..⌠.⌠.♣
......S@..#...∩.#♣
.../...S.....⌠.⌠.♣
..........###....#
..........# ####...♣
..........# #...#
#.......... #.#...
#.....)..... ....##♣
#............ ....#
...#.#####.. ....#


You could see a water moccasin (paralysed) and an adder.

Vanquished Creatures
  2 scorpions (D:5)
  2 wights (D:4)
  A hound (D:3)
  A jelly (D:4)
  Ijyb (D:4)
  Terence (D:3)
  4 gnolls (D:4)
  6 adders
  2 dart slugs
  2 orcs
  7 ball pythons
  5 bats
  11 endoplasms
  A giant cockroach (D:2)
  11 goblins
  5 hobgoblins
  3 kobolds
  7 quokkas
  4 frilled lizards
  7 rats
83 creatures vanquished.

Vanquished Creatures (others)
  4 plants (D:5)
4 creatures vanquished.

Grand Total: 87 creatures vanquished

Notes
Turn   | Place    | Note
-------+----------+-------------------------------------------
     0 | D:5      | sokol815 the Vine Stalker Delver began the quest for the
                  | Orb.
     0 | D:5      | Reached XP level 1. HP: 11/11 MP: 2/2
    13 | D:4      | Noticed a jelly
    16 | D:5      | Noticed a wight
    16 | D:5      | Noticed a wight
    16 | D:5      | Noticed a wight
    16 | D:5      | Noticed a hound
    16 | D:5      | Noticed an iguana
    36 | D:3      | Killed a hound
    37 | D:3      | Reached skill level 3 in Fighting
    37 | D:3      | Reached skill level 2 in Axes
    37 | D:3      | Reached skill level 2 in Dodging
    37 | D:3      | Reached XP level 2. HP: 11/16 MP: 1/3
    37 | D:3      | Reached XP level 3. HP: 14/20 MP: 1/4
    88 | D:3      | Noticed Terence
   563 | D:1      | Gained mutation: Your natural rate of healing is unusually
                  | fast. [Vine Stalker growth]
   563 | D:1      | Reached XP level 4. HP: 24/24 MP: 5/5
   566 | D:1      | Reached skill level 3 in Axes
   905 | D:1      | Found Qiloiwee's Vocational Training.
  2250 | D:4      | Reached skill level 4 in Axes
  2250 | D:4      | Reached XP level 5. HP: 28/28 MP: 6/6
  2313 | D:4      | Found Zifan's CLEARANCE SALE!.
  2430 | D:4      | Noticed Edmund
  2437 | D:4      | HP: 7/28 [Edmund/+2 flail of venom (6)]
  2440 | D:4      | HP: 3/28 [poisoned by Edmund]
  2443 | D:4      | HP: 1/28 [poisoned by Edmund]
  2537 | D:4      | Noticed Ijyb
  2555 | D:4      | Killed Ijyb
  2556 | D:4      | Reached skill level 5 in Axes
  2556 | D:4      | Reached XP level 6. HP: 32/32 MP: 7/7
  2840 | D:4      | Found a glowing golden altar of the Shining One.
  2909 | D:4      | Found a staircase to the Ecumenical Temple.
  2926 | Temple   | Entered the Ecumenical Temple
  3051 | D:3      | Killed Terence
  3124 | D:4      | HP: 6/43 [wight/+0 scimitar (10)]
  3347 | D:5      | Found Cuiz's Book Shoppe.
  3365 | D:5      | Noticed a water moccasin
  3373 | D:5      | Reached skill level 6 in Axes
  3373 | D:5      | Reached XP level 7. HP: 12/36 MP: 2/8
  3373 | D:5      | HP: 9/36 [water moccasin (5)]
  3374 | D:5      | HP: 4/36 [scorpion (6)]
  3378 | D:5      | HP: 1/36 [adder (2)]
  3379 | D:5      | Succumbed to a scorpion's poison

Illustrated notes

Levels and vault maps discovered:
D:1:      mrwooster_arrival_statue_3, layout_rooms, st_stairs_5,
          nicolae_shop_vocational
D:2:      layout_basic
D:3:      layout_basic, uniq_terence
D:4:      layout_rooms, tso_altar, minmay_temple_entry_offerings,
          nicolae_shop_clearance, uniq_edmund, uniq_ijyb
D:5:      layout_basic, serial_shops, shop_fountains,
          corexii_item_surrounded_by_moat, serial_bayou_ford_a,
          grunt_decor_clamped, grunt_ministairs_13
Temple:   hellmonk_temple_of_storms

Skill      XL: |  1  2  3  4  5  6 |
---------------+-------------------+-----
Fighting       | 3 |  3.0
Axes           | 2 4 5 6 |  6.5
Dodging        | 2 |  2.0
Stealth        | |  6.3

Action                   |  1- 3 |  4- 6 |  7- 9 || total
-------------------------+-------+-------+-------++-------
Melee: Hand axe          |    38 |   177 |     6 ||   221
       Bite              |     9 |    61 |     1 ||    71
       Punch             |       |     2 |       ||     2
Throw: Stone             |     1 |       |       ||     1
Evoke: Wand              |       |     1 |     1 ||     2
  Use: Potion            |     1 |     2 |       ||     3
       Scroll            |       |     9 |       ||     9
 Stab: Sleeping          |     5 |    10 |       ||    15
       Paralysed         |       |     2 |     4 ||     6
Armor: Leather armour    |     8 |    11 |       ||    19
       Chain mail        |       |    93 |     4 ||    97
       Skin              |       |     5 |       ||     5
Dodge: Dodged            |    20 |    64 |     2 ||    86

Table legend: (Time is in decaauts)
 A = Elapsed time spent in this place.
 B = Non-inter-level travel time spent in this place.
 C = Inter-level travel time spent in this place.
 D = Time resting spent in this place.
 E = Time spent auto-exploring this place.
 F = Levels seen in this place.
 G = Mean time per level.
                   A        B        C        D        E       F      G
               +--------+--------+--------+--------+--------+-----+--------+
         Total |   3398 |   3251 |    147 |    170 |   2420 |   6 |  566.3 |
       Dungeon |   3357 |   3217 |    140 |    170 |   2393 |   5 |  671.4 |
        Temple |     40 |     33 |      7 |      0 |     27 |   1 |   40.0 |
               +--------+--------+--------+--------+--------+-----+--------+

Top non-repeatable levels by time:
     D:3: 931 daAuts
     D:4: 825 daAuts
     D:2: 752 daAuts
     D:1: 635 daAuts
     D:5: 212 daAuts
  Temple: 40 daAuts

Table legend:
 A = Kills in this place as a percentage of kills in entire the game.
 B = Kills by you in this place as a percentage of kills by you in the entire game.
 C = Kills by friends in this place as a percentage of kills by friends in the entire game.
 D = Other kills in this place as a percentage of other kills in the entire game.
 E = Experience gained in this place as a percentage of experience gained in the entire game.
 F = Experience gained in this place divided by the number of levels of this place that you have seen.
                   A       B       C       D       E      F
               +-------+-------+-------+-------+-------+----------------------
         Total | 100.0 | 100.0 |   N/A |   N/A | 100.0 | 119.2
       Dungeon | 100.0 | 100.0 |   N/A |   N/A | 100.0 | 143.0
               +-------+-------+-------+-------+-------+----------------------
